 Dungeon Crawl Stone Soup version 0.28-a0-661-g144af121cd (webtiles) character file.

Game seed: 12276206858535826432

12792 dmit999 the Fighter (level 11, -1/127 HPs)
             Began as an Ogre Berserker on Oct 14, 2021.
             Was an Elder of Trog.
             Slain by a ten-headed hydra (15 damage)
             ... on level 11 of the Dungeon on Nov 7, 2021.
             The game lasted 04:36:10 (21170 turns).

dmit999 the Fighter (Ogre Berserker)               Turns: 21170, Time: 04:36:10

Health: -1/127     AC:  6    Str: 32    XL:     11   Next: 98%
Magic:  0/11       EV: 11    Int:  8    God:    Trog [****..]
Gold:   599        SH:  0    Dex:  8    Spells: 10/10 levels left

rFire   . . .      SeeInvis +   z - +9 battleaxe of Oily Responsibility {venom, Drain rElec rN+}
rCold   . . .      Faith    .   (shield currently unavailable)
rNeg    + . .      Spirit   +   b - +1 animal skin
rPois   .          Reflect  .   (helmet restricted)
rElec   +          Harm     .   e - +1 cloak
rCorr   .          Rampage  .   (gloves unavailable)
Will    +....                   (boots unavailable)
Stlth   ++........              l - amulet of guardian spirit
HPRegen 0.31/turn               j - +6 ring of strength
MPRegen 0.12/turn               r - ring of see invisible

@: no status effects
A: large, unfitting armour, tough skin 1
a: Renounce Religion, Berserk, Trog's Hand, Brothers in Arms


You were on level 11 of the Dungeon.
You worshipped Trog.
Trog was greatly pleased with you.
You visited 1 branch of the dungeon, and saw 11 of its levels.

You collected 654 gold pieces.
You spent 55 gold pieces at shops.

Inventory:

Hand Weapons
 p - a +1 antimagic halberd
 z - the +9 battleaxe of Oily Responsibility (weapon) {venom, Drain rElec rN+}
   (You took it off a centaur warrior on level 10 of the Dungeon)

   It poisons the flesh of those it strikes.
   rElec:     It insulates you from electricity.
   rN:        It protects you from negative energy.
   Drain:     It drains your maximum health when unequipped.
 A - the +5 scythe "Finisher" {speed, eviscerate}
   (You found it on level 7 of the Dungeon)

   Attacks with this weapon are significantly faster.
   It may eviscerate those it strikes, slaying them instantly, with a decreasing
   chance against stronger foes.
Missiles
 d - 4 throwing nets
 m - 26 poisoned darts
 n - 125 stones
 G - 8 large rocks (quivered)
Armour
 b - a +1 animal skin (worn)
 e - a +1 cloak (worn)
Jewellery
 c - a ring of ice
 j - a +6 ring of strength (left hand)
 l - an amulet of guardian spirit (around neck)
 r - a ring of see invisible (right hand)
 x - a ring of flight
Wands
 q - a wand of polymorph (5)
 w - a wand of iceblast (11)
 D - a wand of digging (6)
 F - a wand of paralysis (8)
Scrolls
 a - 2 scrolls of enchant weapon
 g - a scroll of blinking {unknown}
 k - a scroll of fog
 s - 4 scrolls of amnesia
 t - 3 scrolls of teleportation
 v - 3 scrolls of noise {unknown}
 y - a scroll of torment {unknown}
 C - a scroll of identify
Potions
 f - a potion of cancellation
 h - 2 potions of flight
 i - 2 potions of brilliance
 o - 2 potions of might
 u - a potion of attraction
 B - a potion of resistance
 E - 2 potions of heal wounds


   Skills:
 * Level 13.1 Fighting
 + Level 1.0(7.8) Axes
 * Level 12.2 Polearms
 + Level 8.7 Throwing
 + Level 6.0 Dodging
 - Level 2.6 Stealth
 + Level 0.3 Evocations


You had 10 spell levels left.
You didn't know any spells.
Your spell library was empty.

Dungeon Overview and Level Annotations

Branches:
Dungeon (11/15)            Temple (0/1) D:7             Orc (0/2) D:11
   Lair: D:8-11

Altars:
Cheibriados
Elyvilon
Trog
Uskayaw
Wu Jian
The Shining One

Shops:
D:3 **=   D:4 ?[!   D:7 [   D:8 :

Portals:
Trove: D:11 (give 3 potions of resistance)

Annotations:
D:11 Maurice


Innate Abilities, Weirdness & Mutations

You are too large for most types of armour.
You have tough skin. (AC +1)


Message History

The eight-headed hydra closely misses you.
You chop one of the eight-headed hydra's heads off!
The seven-headed hydra grows two more!
You carve the nine-headed hydra like a ham!!!
The nine-headed hydra is almost dead.
The nine-headed hydra bites you.
The nine-headed hydra closely misses you.
The nine-headed hydra bites you. The nine-headed hydra bites you! x2
The nine-headed hydra barely misses you.
The nine-headed hydra bites you!
The nine-headed hydra completely misses you.
The nine-headed hydra bites you but does no damage.
Unknown command.
You slice one of the nine-headed hydra's heads off!
The eight-headed hydra grows two more!
You slice the ten-headed hydra!!
The ten-headed hydra is almost dead.
The ten-headed hydra bites you! The ten-headed hydra bites you.
The ten-headed hydra misses you. The ten-headed hydra bites you!
The ten-headed hydra bites you but does no damage. x3
The ten-headed hydra bites you.
* * * LOW HITPOINT WARNING * * *
The ten-headed hydra bites you.
* * * LOW HITPOINT WARNING * * *
The ten-headed hydra barely misses you. The ten-headed hydra bites you!
* * * LOW HITPOINT WARNING * * *
The ten-headed hydra bites you.
* * * LOW HITPOINT WARNING * * *
The ten-headed hydra bites you but does no damage.
The ten-headed hydra completely misses you.
The ten-headed hydra bites you.
* * * LOW HITPOINT WARNING * * *
The ten-headed hydra bites you.
* * * LOW HITPOINT WARNING * * *
The ten-headed hydra bites you.
* * * LOW HITPOINT WARNING * * *
The ten-headed hydra closely misses you.
The ten-headed hydra bites you.
* * * LOW HITPOINT WARNING * * *
The ten-headed hydra bites you!
You die...

#.........##
#......[#..##
#.......#...# #
##.........∩.## .# ...
#.............##.#....
#................#....
#..............#......
#..............##.....
#...)@D.....(.........
#.[.....(.......##....
#....................?
#.......##(....####...
####....#......#
####...#....(#
##..#.........
#...#.....###...
...#.#...>.# ..


You could see a ten-headed hydra.

Vanquished Creatures
  A hydra (D:10)
  A two-headed ogre (D:9)
  A centaur warrior (D:10)
  A tengu warrior (D:10)
  2 ugly things
  3 cyclopes (D:10)
  A gargoyle (D:10)
  An unseen horror (D:10)
  A komodo dragon (D:11)
  A troll (D:9)
  3 meliai (D:8)
  A hornet (D:10)
  A shadow (D:9)
  4 yaks (D:10)
  A golden eye (D:6)
  3 wraiths
  A basilisk (D:10)
  2 water moccasins (D:5)
  5 orc warriors
  3 ogres
  2 ice beasts (D:6)
  A black bear (D:6)
  A necrophage (D:7)
  2 phantoms
  4 bullfrogs
  3 scorpions
  A gnoll sergeant (D:8)
  A wyvern zombie (D:7)
  A water moccasin zombie (D:7)
  2 water moccasin skeletons
  20 killer bees
  4 wights (D:8)
  4 howler monkeys
  9 centaur zombies
  A bullfrog zombie (D:5)
  3 orc priests
  2 hounds
  2 gnoll shamans
  A centaur skeleton (D:6)
  5 iguanas
  Natasha (twice) (D:2 D:1)
  10 orc wizards
  A killer bee zombie (D:5)
  A centaur simulacrum (D:10)
  A hound zombie (D:5)
  A hound skeleton (D:4)
  A howler monkey zombie (D:9)
  Robin (D:3)
  A howler monkey skeleton (D:6)
  12 gnolls
  6 adders
  2 white imps
  2 ufetubi (D:5)
  An adder skeleton (D:4)
  4 dart slugs
  28 orcs
  5 endoplasms
  3 giant cockroaches
  7 goblins
  9 hobgoblins
  4 jackals
  4 quokkas
  5 ball pythons
  6 bats
  6 frilled lizards
  8 kobolds
  8 rats
245 creatures vanquished.

Vanquished Creatures (others)
  17 fungi (D:11)
  23 plants
  5 toadstools (D:1)
45 creatures vanquished.

Grand Total: 290 creatures vanquished

Notes
Turn   | Place    | Note
-------+----------+-------------------------------------------
     0 | D:1      | dmit999 the Ogre Berserker began the quest for the Orb.
     0 | D:1      | Reached XP level 1. HP: 24/24 MP: 1/1
   401 | D:1      | Reached XP level 2. HP: 33/33 MP: 2/2
   738 | D:2      | Noticed a phantom
   808 | D:1      | Found a faded altar of an unknown god.
  1048 | D:1      | Reached XP level 3. HP: 39/40 MP: 3/3
  1674 | D:2      | Noticed Natasha
  1683 | D:2      | Killed Natasha
  1684 | D:2      | Reached skill level 5 in Fighting
  1684 | D:2      | Reached XP level 4. HP: 41/50 MP: 2/4
  1925 | D:2      | Noticed Natasha
  1936 | D:1      | Killed Natasha
  2245 | D:3      | Reached ** piety under Trog
  2820 | D:2      | Reached XP level 5. HP: 57/57 MP: 5/5
  3203 | D:2      | Reached skill level 1 in Stealth
  3371 | D:3      | Found Exaanuda's General Store.
  3372 | D:3      | Found Kumus's Jewellery Shop.
  3756 | D:3      | Noticed Robin
  3891 | D:5      | Entered Level 5 of the Dungeon
  4096 | D:5      | Noticed a water moccasin
  4110 | D:5      | Killed a water moccasin
  4111 | D:5      | Reached skill level 6 in Fighting
  4111 | D:5      | Reached skill level 1 in Throwing
  4111 | D:5      | Reached XP level 6. HP: 47/67 MP: 4/6
  4333 | D:5      | Found a glowing drain.
  4780 | D:5      | Found a hide-covered altar of Uskayaw.
  5126 | D:4      | Reached skill level 5 in Polearms
  5245 | D:4      | Reached XP level 7. HP: 59/76 MP: 4/7
  5356 | D:4      | Reached skill level 7 in Fighting
  5912 | D:3      | Found Zong's General Store.
  6216 | D:3      | Killed Robin
  6216 | D:3      | Reached *** piety under Trog
  7773 | D:4      | Found Soph's Magic Scroll Shop.
  7778 | D:4      | Found Inoic's Antique Armour Boutique.
  7780 | D:4      | Found Tanuppox's Distillery.
  7788 | D:4      | Bought a potion of heal wounds for 55 gold pieces
  8289 | D:5      | Reached XP level 8. HP: 88/88 MP: 8/8
  8580 | D:5      | Reached skill level 8 in Fighting
  9667 | D:6      | Found a transporter.
  9958 | D:6      | Reached skill level 9 in Fighting
 10788 | D:6      | Noticed a troll
 10835 | D:5      | Reached XP level 9. HP: 37/100 MP: 6/9
 11485 | D:7      | Found Ucegaheq's Antique Armour Shop.
 11595 | D:6      | a troll changed into a golden eye
 11629 | D:6      | Reached skill level 5 in Throwing
 11794 | D:6      | Found a transporter.
 12242 | D:8      | Noticed a meliai
 12604 | D:7      | Reached skill level 10 in Fighting
 12716 | D:7      | Found the +5 scythe "Finisher" {speed, eviscerate}
 12719 | D:7      | Noticed a skeletal warrior
 13137 | D:7      | You fall into a shaft and drop 2 floors!
 13156 | D:9      | Reached **** piety under Trog
 13579 | D:7      | Found a staircase to the Ecumenical Temple.
 13671 | D:8      | Noticed a meliai
 13676 | D:8      | Noticed a meliai
 13686 | D:8      | Killed a meliai
 13689 | D:8      | Killed a meliai
 13690 | D:8      | Reached skill level 5 in Dodging
 13690 | D:8      | Reached XP level 10. HP: 29/111 MP: 0/10
 13692 | D:8      | Reached skill level 11 in Fighting
 14320 | D:8      | Noticed a two-headed ogre
 14890 | D:8      | Found Hoseok's Book Shoppe.
 14991 | D:8      | Found a bloodstained altar of Trog.
 14992 | D:8      | Found a glowing golden altar of the Shining One.
 16037 | D:9      | Noticed a two-headed ogre
 16655 | D:9      | Killed a two-headed ogre
 16758 | D:9      | Reached skill level 10 in Polearms
 16775 | D:9      | Reached skill level 12 in Fighting
 16887 | D:9      | Found an ornate altar of the Wu Jian Council.
 16922 | D:9      | Found a snail-covered altar of Cheibriados.
 17174 | D:10     | Entered Level 10 of the Dungeon
 17231 | D:11     | Found a portal to a secret trove of treasure.
 17259 | D:11     | Found a staircase to the Orcish Mines.
 17830 | D:10     | Noticed a six-headed hydra
 17840 | D:10     | Killed an eight-headed hydra
 17841 | D:10     | Reached XP level 11. HP: 123/123 MP: 11/11
 18032 | D:10     | Noticed a tengu warrior
 18114 | D:11     | Noticed a manticore
 18901 | D:10     | Found a white marble altar of Elyvilon.
 19299 | D:10     | Killed a tengu warrior
 19648 | D:10     | Noticed a cyclops
 19648 | D:10     | Noticed a cyclops
 19762 | D:10     | Identified the +9 battleaxe of Oily Responsibility {venom,
                  | Drain rElec rN+}
 19762 | D:10     | Noticed a centaur warrior
 20107 | D:11     | Noticed Maurice
 20167 | D:10     | Killed a centaur warrior
 20280 | D:10     | Noticed a cyclops
 20483 | D:10     | Killed a cyclops
 20527 | D:10     | Noticed a cyclops
 20549 | D:10     | Killed a cyclops
 20550 | D:10     | Reached skill level 13 in Fighting
 20657 | D:10     | Noticed a green ugly thing
 20683 | D:10     | Killed a green ugly thing
 20728 | D:10     | Killed a cyclops
 20834 | D:10     | Identified the +2 morningstar "Lifebane" {pain, *Noise
                  | rN++}
 20839 | D:10     | Identified the +0 helmet "Jiqasopt" {Will++ Dex-2}
 20841 | D:10     | Identified the +2 hand axe of Guilt {antimagic, *Noise
                  | Int+2 Dex+3}
 20843 | D:10     | Identified the +7 arbalest of Precise Incision {vorpal,
                  | +Blink Str+4}
 20996 | D:10     | Identified the +7 war axe of Anerymp {protect, Str+5}
 21139 | D:11     | Noticed a red ugly thing
 21143 | D:11     | Killed a red ugly thing
 21144 | D:11     | Reached skill level 1 in Axes
 21151 | D:11     | Noticed an eight-headed hydra
 21170 | D:11     | Slain by a ten-headed hydra

Illustrated notes

Levels and vault maps discovered:
D:1:      sevenhm_arrival_forest_fort_small_4, layout_basic,
          chequers_ecumenical_altar_simple_redux, minmay_gold_behind_fungi,
          st_stairs_13, minmay_pentomino_u4
D:2:      layout_basic, uniq_natasha
D:3:      layout_rooms, serial_shops, shop_fountains, nicolae_shop_stone,
          nicolae_diamond_shop, minmay_tree_intersection, st_stairs_9,
          uniq_robin
D:4:      layout_cave_pools, serial_column_ruins, column_ruins_columns_straight,
          column_ruins_open_medium, column_ruins_columns_corner,
          column_ruins_columns_straight, column_ruins_open_tiny,
          column_ruins_columns_straight, nicolae_wooded_promenade
D:5:      layout_layer_cave, mainiacjoe_overflow_concentric_impassable,
          portal_sewer_entry_f
D:6:      gammafunk_cloud_chamber, layout_loops_corners
D:7:      layout_rooms, minmay_temple_entry_ruins, serial_shops,
          nicolae_shop_crystal, minmay_guarded_unrand_finisher
D:8:      layout_basic, jmf_multi_god_temple, serial_shops, shop,
          nicolae_ossuary_entry_plus, onia_ninara_dug_in_and_dangerous
D:9:      layout_roguey, mainiacjoe_overflow_two_lobes,
          nicolae_straight_to_the_point
D:10:     minmay_the_grid_triangle_9x9_rhombus_thin_mashed
          [minmay_the_grid_triangle_9x9_sprig,
          minmay_the_grid_triangle_9x9_prize_schism,
          minmay_the_grid_triangle_9x9_descending_squares,
          minmay_the_grid_triangle_9x9_negative_grid], layout_gridville,
          nicolae_elyvilon_temple_path
D:11:     layout_rooms, grunt_lair_entry_orc_guard_hut, orc_0_dummy,
          special_room [special_room_orc], enter_bailey_5, enter_trove_1,
          uniq_psyche, uniq_maurice

Skill      XL: |  1  2  3  4  5  6  7  8  9 10 11 |
---------------+----------------------------------+-----
Dodging        | 3 4 5 6 |  6.0
Fighting       | 5 6 7 9 10 12 13 | 13.1
Polearms       | 4 5 6 8 10 12 | 12.2
Stealth        | 1 2 |  2.6
Throwing       | 1 3 4 5 7 8 |  8.7
Axes           | 1 |  1.0
Evocations     | |  0.3

Action                   |  1- 3 |  4- 6 |  7- 9 | 10-12 || total
-------------------------+-------+-------+-------+-------++-------
Melee: Spear             |   110 |   198 |   193 |       ||   501
       Halberd           |       |       |    97 |       ||    97
       Scythe            |       |       |    30 |   165 ||   195
       Battleaxe         |       |       |       |    14 ||    14
Throw: Dart              |     7 |    25 |    70 |    71 ||   173
       Stone             |     7 |       |    71 |    40 ||   118
       Boomerang         |       |     1 |     4 |    72 ||    77
       Large rock        |       |       |       |     8 ||     8
Invok: Berserk           |       |       |     2 |     3 ||     5
       Trog's Hand       |       |       |     1 |     2 ||     3
       Brothers in Arms  |       |       |     1 |       ||     1
Evoke: Wand              |       |     2 |     3 |     4 ||     9
  Use: Scroll            |     6 |     2 |    10 |     2 ||    20
       Potion            |       |     2 |     8 |     2 ||    12
 Stab: Sleeping          |     1 |     1 |       |       ||     2
Armor: Animal skin       |    16 |    35 |    68 |    49 ||   168
       Skin              |       |       |    28 |     2 ||    30
Dodge: Dodged            |    52 |    83 |   134 |    91 ||   360

Table legend: (Time is in decaauts)
 A = Elapsed time spent in this place.
 B = Non-inter-level travel time spent in this place.
 C = Inter-level travel time spent in this place.
 D = Time resting spent in this place.
 E = Time spent auto-exploring this place.
 F = Levels seen in this place.
 G = Mean time per level.
                   A        B        C        D        E       F      G
               +--------+--------+--------+--------+--------+-----+--------+
         Total |  21205 |  12957 |   8248 |   6514 |   2892 |  11 | 1927.7 |
       Dungeon |  21205 |  12957 |   8248 |   6514 |   2892 |  11 | 1927.7 |
               +--------+--------+--------+--------+--------+-----+--------+

Top non-repeatable levels by time:
     D:5: 2856 daAuts
     D:6: 2829 daAuts
    D:10: 2826 daAuts
     D:8: 2443 daAuts
     D:4: 2172 daAuts
     D:9: 1803 daAuts
     D:1: 1696 daAuts
     D:2: 1602 daAuts
     D:3: 1331 daAuts
     D:7: 983 daAuts
    D:11: 659 daAuts
